 Dungeon Crawl Stone Soup version 0.29.1-12-g30fa7ad0bf (webtiles) character file.

Game seed: 4045555364759727348

1941 raph the Summoner (level 8, 0/46 HPs)
             Began as a Deep Elf Summoner on Dec 23, 2022.
             Was a Follower of Vehumet.
             Succumbed to a killer bee's poison
             ... on level 7 of the Dungeon.
             The game lasted 00:14:32 (9084 turns).

raph the Summoner (Deep Elf Summoner)               Turns: 9084, Time: 00:14:32

Health: 0/46       AC:  6    Str:  5    XL:     8   Next: 98%
Magic:  11/19      EV: 14    Int: 26    God:    Vehumet [*.....]
Gold:   155        SH:  0    Dex: 15    Spells: 6/19 levels left

rFire   + . .      SeeInvis .   s - +2 rapier (drain)
rCold   + . .      Faith    .   (no shield)
rNeg    . . .      Spirit   .   a - +0 robe
rPois   +          Reflect  .   w - +1 helmet {Int+3}
rElec   +          Harm     .   (no cloak)
rCorr   +          Rampage  .   k - +1 pair of gloves
Will    +....                   (no boots)
Stlth   ++........              (no amulet)
HPRegen 0.15/turn               l - ring of willpower
MPRegen 0.16/turn               (no ring)

@: lethally poisoned (0 -> -1), resistant, studying Fire Magic
A: no striking features
a: Renounce Religion


You were on level 7 of the Dungeon.
You worshipped Vehumet.
Vehumet was aware of your devotion.
You visited 1 branch of the dungeon, and saw 7 of its levels.

You collected 320 gold pieces.
You spent 165 gold pieces at shops.

Inventory:

Hand Weapons
 c - a +0 rapier
 f - a +0 short sword
 q - a +0 shortbow
 s - a +2 rapier of draining (weapon)
Missiles
 m - 9 poisoned darts
Armour
 a - a +0 robe (worn)
 g - a +2 hat
 k - a +1 pair of gloves (worn)
 w - a +1 helmet of intelligence (worn)
Magical Staves
 u - a staff of conjuration
Jewellery
 l - a ring of willpower (left hand)
Wands
 e - a wand of polymorph (10)
 o - a wand of flame (34)
 v - a wand of paralysis (4)
Scrolls
 i - 7 scrolls of teleportation
 n - 2 scrolls of poison
 r - 3 scrolls of amnesia
 y - a scroll of identify
Potions
 b - a potion of magic
 d - 2 potions of cancellation
 j - 2 potions of mutation
 p - 2 potions of might
 t - 2 potions of attraction


   Skills:
 + Level 3.0 Fighting
 + Level 5.2 Dodging
 - Level 2.5 Stealth
 + Level 6.0 Spellcasting
 - Level 3.7 Hexes
 * Level 10.4 Summonings
 + Level 2.0 Air Magic


You had 6 spell levels left.
You knew the following spells:

 Your Spells              Type           Power      Damage    Failure   Level
a - Summon Small Mammal   Summ           100%       N/A       1%          1
b - Call Imp              Summ           58%        N/A       1%          2
c - Call Canine Familiar  Summ           58%        N/A       1%          3
d - Summon Guardian Gole  Hex/Summ       44%        N/A       1%          3
e - Summon Lightning Spi  Summ/Air       40%        N/A       5%          4

Your spell library contained the following spells:

 Spells                   Type           Power      Damage    Failure   Level
 Magic Dart               Conj           28%        1d4       7%          1
 Beastly Appendage        Tmut           14%        N/A       7%          1
 Sandblast                Erth           14%        2d6       7%          1
 Passwall                 Tmut/Erth      5%         N/A       11%         2
 Wereblood                Tmut           7%         N/A       11%         2
 Conjure Flame            Conj/Fire      7%         6-21      21%         3
 Ignite Poison            Fire/Tmut/Pois 7%         N/A       21%         3
 Spider Form              Tmut/Pois      7%         N/A       21%         3
 Stone Arrow              Conj/Erth      14%        3d7       21%         3
 Leda's Liquefaction      Hex/Erth       8%         N/A       32%         4
 Sticky Flame             Conj/Fire      7%         2d3       56%         4
 Lee's Rapid Deconstruct  Erth           3%         3d6*      88%         5
 Statue Form              Tmut/Erth      4%         N/A       100%        6


Dungeon Overview and Level Annotations

Branches:
Dungeon (7/15)             Temple (0/1) D:5

Altars:
Vehumet
Wu Jian

Shops:
D:6 =([=

Annotations:
D:7 Joseph


Message History

The killer bee stings your guardian golem.
The killer bee stings your guardian golem but does no damage.
The killer bee stings you but does no damage.
The killer bee stings your guardian golem but does no damage.
The killer bee stings your guardian golem.
You feel sick. The killer bee closely misses you.
Your crimson imp completely misses the killer bee.
You see here a hound corpse.
You feel sick.
Your wolf barely misses the killer bee.
Something hits your crimson imp. The killer bee stings you.
* * * LOW HITPOINT WARNING * * *
Your wolf closely misses the killer bee.
It was a potion of haste.
You feel yourself speed up.
* * * LOW HITPOINT WARNING * * *
You feel sick. The killer bee closely misses you.
Your wolf bites the killer bee but does no damage.
The killer bee completely misses you.
Your wolf bites the killer bee!
Your crimson imp blinks!
The killer bee misses your wolf.
Your wolf barely misses the killer bee.
The killer bee barely misses your wolf.
* * * LOW HITPOINT WARNING * * *
You feel sick.
Your wolf misses the killer bee. The killer bee barely misses your wolf.
Your magical effects are unravelling.
You feel magically purged.
You feel yourself slow down.
* * * LOW HITPOINT WARNING * * *
You feel sick.
The killer bee closely misses your wolf.
Your wolf misses the killer bee.
You feel protected.
* * * LOW HITPOINT WARNING * * *
You feel sick. The killer bee barely misses your wolf.
Your wolf closely misses the killer bee.
The killer bee closely misses your wolf.
Your wolf bites the killer bee.
Your guardian golem overheats!
Okay, then.
Okay, then.
You die...

.........# #.....# ........#
#.... # ## .......# ####... ##+
#. .. ..#... ....... .##..##.#
#.##.#..#######.#..
...........###...#......# # #..
... #... #...#.....###.# #.)
...#...###9..###...#.#.#.###..
###.# #.y5#.#@..#..#.#.#......
.@...###.y.#.#...###....#####..
#......#...#y#...#.............
#@..###.h.###...###########
.....#.....#.#.....# ...
###...#.#...### . ..#..#.#..#..
#.. ###...### .. #. .... .


You could see a friendly guardian golem (summoned, inner flame).

Vanquished Creatures
  An ice beast (D:5)
  An ogre (D:5)
  A bullfrog (D:6)
  A scorpion (D:5)
  2 hounds
  A gnoll bouda (D:6)
  2 gnolls
  3 adders
  2 shadow imps
  An ufetubus (D:4)
  A dart slug (D:1)
  3 orcs
  3 ball pythons
  3 endoplasms (D:3)
  2 giant cockroaches
  3 hobgoblins
  3 kobolds
  A bat (D:2)
  3 rats
37 creatures vanquished.

Vanquished Creatures (collateral kills)
  Menkaure (D:4)
  An ice beast (D:6)
  An ogre (D:6)
  A phantom (D:6)
  A scorpion (D:5)
  A gnoll sergeant (D:5)
  2 killer bees (D:7)
  A howler monkey (D:6)
  A jelly (D:6)
  3 orc priests (D:5)
  A gnoll bouda (D:4)
  A hound (D:4)
  Jessica (D:3)
  An iguana (D:4)
  Natasha (twice) (D:4)
  An orc wizard (D:5)
  Robin (D:3)
  13 gnolls
  2 river rats (D:4)
  3 adders
  An ufetubus (D:4)
  4 dart slugs
  7 orcs
  2 endoplasms
  2 giant cockroaches (D:4)
  3 hobgoblins
  4 jackals (D:3)
  4 ball pythons
  3 bats
  2 frilled lizards
  9 goblins
  4 kobolds
  7 rats
91 creatures vanquished.

Vanquished Creatures (others)
  2 centaurs (D:5)
  An ogre (D:6)
  A gnoll bouda (D:6)
  2 gnolls (D:6)
  22 plants (D:2)
28 creatures vanquished.

Grand Total: 156 creatures vanquished

Notes
Turn   | Place    | Note
-------+----------+-------------------------------------------
     0 | D:1      | raph the Deep Elf Summoner began the quest for the Orb.
     0 | D:1      | Reached XP level 1. HP: 10/10 MP: 6/6
   166 | D:1      | Reached XP level 2. HP: 13/15 MP: 6/8
   221 | D:1      | Learned a level 2 spell: Call Imp
   411 | D:1      | Reached skill level 5 in Summonings
  1096 | D:1      | Found a faded altar of an unknown god.
  1096 | D:1      | Noticed a red devil
  1499 | D:2      | Reached XP level 3. HP: 18/19 MP: 5/9
  1503 | D:2      | Learned a level 3 spell: Call Canine Familiar
  2619 | D:3      | Reached skill level 6 in Summonings
  2619 | D:3      | Reached XP level 4. HP: 24/24 MP: 1/10
  2866 | D:3      | Noticed Robin
  2887 | D:3      | Killed Robin
  3242 | D:3      | Learned a level 3 spell: Summon Guardian Golem
  3281 | D:3      | Noticed Jessica
  3290 | D:3      | Killed Jessica
  3291 | D:3      | Reached skill level 7 in Summonings
  3291 | D:3      | Reached XP level 5. HP: 28/28 MP: 6/11
  3674 | D:3      | Found a radiant altar of Vehumet.
  3674 | D:3      | Found an ornate altar of the Wu Jian Council.
  3680 | D:3      | Became a worshipper of Vehumet
  3989 | D:4      | Noticed Natasha
  4001 | D:4      | Killed Natasha
  4782 | D:4      | Noticed Menkaure
  4798 | D:4      | Killed Menkaure
  4799 | D:4      | Reached skill level 8 in Summonings
  4799 | D:4      | Reached XP level 6. HP: 30/32 MP: 2/12
  4929 | D:4      | Reached skill level 9 in Summonings
  5296 | D:4      | Noticed Natasha
  5303 | D:4      | Killed Natasha
  5548 | D:5      | Entered Level 5 of the Dungeon
  5570 | D:5      | Reached skill level 1 in Fighting
  5570 | D:5      | Reached skill level 1 in Hexes
  5570 | D:5      | Reached XP level 7. HP: 18/38 MP: 4/14
  6896 | D:5      | Reached XP level 8. HP: 44/44 MP: 11/16
  6947 | D:5      | Learned a level 4 spell: Summon Lightning Spire
  7206 | D:5      | Found a staircase to the Ecumenical Temple.
  7547 | D:6      | Found Hainusm's Jewellery Shoppe.
  7663 | D:6      | Reached skill level 5 in Spellcasting
  8127 | D:6      | Reached skill level 10 in Summonings
  8127 | D:6      | Reached skill level 1 in Air Magic
  8182 | D:6      | Found Pun Ups's Armour Boutique.
  8187 | D:6      | Bought a +1 helmet of intelligence for 165 gold pieces
  8422 | D:6      | Reached * piety under Vehumet
  8422 | D:6      | Offered knowledge of Magic Dart by Vehumet.
  8630 | D:6      | Found Nigg's Antique Weapon Shop.
  8684 | D:6      | Reached skill level 5 in Dodging
  8717 | D:6      | Found Zonocomp's Jewellery Shop.
  9046 | D:7      | Identified the +1 chain mail of the Lair of Beasts {rElec}
  9068 | D:7      | Noticed Joseph
  9082 | D:7      | HP: 2/46 [poisoned by a killer bee]
  9084 | D:7      | Succumbed to a killer bee's poison

Illustrated notes

Levels and vault maps discovered:
D:1:      heliophobic_arrival_ceremonial_halls, layout_basic,
          dreamdust_ecumenical_altar_sealed_demon, minmay_misc_feat_chi,
          bh_walls_and_bars
D:2:      layout_rooms, serial_bayou, serial_bayou_ford_a, serial_bayou_pond_d,
          serial_bayou_lagoon_a, serial_bayou_crossing
D:3:      layout_loops_ring, gammafunk_temple_overflow_elements, uniq_jessica,
          uniq_robin
D:4:      layout_basic, portal_sewer_entry_e, hangedman_decor_riveting,
          kennysheep_generic_room_11, uniq_menkaure, uniq_natasha
D:5:      layout_basic, minmay_temple_entry_fiery, minmay_manual_mares
D:6:      layout_basic, serial_shops, kennysheep_mini, nicolae_square_shop,
          nicolae_diamond_shop, nicolae_shop_behind_doors,
          kennysheep_generic_room_14
D:7:      layout_basic, kennysheep_nondescript, nicolae_titane,
          uniq_crazy_yiuf_cottage, uniq_joseph

Skill      XL: |  1  2  3  4  5  6  7  8 |
---------------+-------------------------+-----
Summonings     | 5 6 7 8 9 10 | 10.4
Fighting       | 1 3 |  3.0
Dodging        | 3 5 |  5.2
Hexes          | 1 3 |  3.7
Spellcasting   | 4 6 |  6.0
Air Magic      | 2 |  2.0
Stealth        | |  2.5

Action                   |  1- 3 |  4- 6 |  7- 9 || total
-------------------------+-------+-------+-------++-------
Melee: Unarmed           |    11 |       |       ||    11
       Rapier            |    31 |    56 |    57 ||   144
       Punch             |       |       |     1 ||     1
 Cast: Summon Small Mamm |    36 |    13 |     9 ||    58
       Call Imp          |    14 |    10 |    20 ||    44
       Call Canine Famil |     3 |    15 |    15 ||    33
       Summon Guardian G |       |     6 |     9 ||    15
  Use: Scroll            |     7 |     4 |     4 ||    15
       Potion            |       |       |     3 ||     3
 Stab: Distracted        |     2 |       |     4 ||     6
       Sleeping          |     1 |     4 |     4 ||     9
Armor: Robe              |    26 |    28 |    19 ||    73
Dodge: Dodged            |    68 |    53 |    55 ||   176
